Stars vs Flames
Created - 17 avril 2013 at 23:40
Goals
|
| Stars |
1 |
2 |
2 |
0 |
2 |
5 |
| Flames |
1 |
1 |
3 |
0 |
3 |
6 |
|
Shots
|
| Stars |
5 |
14 |
14 |
0 |
7 |
33 |
| Flames |
3 |
11 |
14 |
1 |
7 |
29 |
|
1st period
1. Flames , Michal Handzus 16 (Petr Schastlivy) at 6:58
2. Stars , Cory Stillman 23 (Jack Skille, David Legwand) at 7:35
Penalties :
Craig Anderson (Cal) for Slashing (Double Minor) at 2:30 - Erik Johnson served the penalty, Steven Reinprecht (Cal) for Tripping (Minor) at 8:08, Steven Reinprecht (Cal) for Holding (Minor) at 10:33
2nd period
3. Stars , Brendan Bell 3 (Jack Skille) at 1:06 (PP)
4. Stars , Mike Modano 28 (Patrik Elias) at 3:44
5. Flames , Alexander Semin 31 (Steven Reinprecht) at 17:58 (PP)
Penalties :
Michal Handzus (Cal) for Hooking (Minor) at 0:03, Steve Eminger (Cal) for Hooking (Minor) at 6:33, Boris Valabik (Dal) for High sticking (Minor) at 17:41, Petr Schastlivy (Cal) for Hooking (Minor) at 19:45
3rd period
6. Flames , Alexander Semin 32 (Brett Lebda) at 6:39
7. Flames , Marcel Goc 9 (Steve Sullivan, Steve Eminger) at 8:48
8. Stars , Mike Modano 29 (Alexei Morozov) at 10:47 (PP)
9. Flames , Pavel Bure 24 (Petr Schastlivy, Michal Handzus) at 15:29
10. Stars , Steve Rucchin 15 (Pierre Dagenais, Mathieu Schneider) at 16:25
Penalties :
Erik Johnson (Cal) for Roughing (Minor) at 3:54, Rob Blake (Cal) for Interference (Minor) at 10:18, Mathieu Schneider (Dal) for Hooking (Minor) at 10:18, Michal Handzus (Cal) for Tripping (Minor) at 10:35, Jordin Tootoo (Cal) for Interference (Minor) at 16:41
Overtime #1
No Goal
Penalties :
No Penalty
Shootout
Penalty Shot by Mike Modano for Stars - Stopped by Craig Anderson
Penalty Shot by Petr Schastlivy for Flames - Stopped by Pascal Leclaire
Penalty Shot by Alexei Morozov for Stars - Stopped by Craig Anderson
Penalty Shot by Pavel Bure for Flames - Stopped by Pascal Leclaire
Penalty Shot by Cory Stillman for Stars - Stopped by Craig Anderson
Penalty Shot by Alexander Semin for Flames - Shot Misses the Net
Penalty Shot by Steve Rucchin for Stars - Goal!
Penalty Shot by Steve Sullivan for Flames - Goal!
Penalty Shot by David Legwand for Stars - Goal!
Penalty Shot by David Backes for Flames - Goal!
Penalty Shot by Jan Hlavac for Stars - Stopped by Craig Anderson
Penalty Shot by Michal Handzus for Flames - Stopped by Pascal Leclaire
Penalty Shot by Glen Metropolit for Stars - Stopped by Craig Anderson
Penalty Shot by Mikhail Grabovski for Flames - Goal!
Penalties :
No Penalty
Goalie Stats
Pascal Leclaire (Dal), 24 saves from 29 shots - (0,828), OTL, 26-17-5, 65:00 minutes
Craig Anderson (Cal), 28 saves from 33 shots - (0,848), W, 14-11-2, 65:00 minutes
Players Stats for Stars
Player Name G A P +/- PIM S H SB GA TA FO MP PP MP PK MP
------------------------------------------------------------------------------------
Alexei Morozov 0 1 1 1 0 5 3 0 1 1 2/3 25:25 9:15 0:00
Boris Valabik 0 0 0 -2 2 1 0 1 0 0 0/0 10:24 0:07 0:00
Brendan Bell 1 0 1 -1 0 1 1 3 1 0 0/0 24:12 5:58 0:00
Cory Stillman 1 0 1 -2 0 2 5 1 0 0 1/1 21:22 7:00 0:17
David Legwand 0 1 1 -2 0 2 1 0 0 0 11/21 20:52 6:44 0:00
Filip Novak 0 0 0 2 0 2 1 1 1 0 0/0 31:20 11:08 0:17
Glen Metropolit 0 0 0 -1 0 0 0 0 0 0 3/7 7:00 0:07 0:00
Jack Skille 0 2 2 -2 0 1 1 0 0 0 0/0 18:54 6:44 0:00
Jan Hlavac 0 0 0 -1 0 1 0 1 0 0 0/0 9:54 0:58 0:00
Marcus Nilson 0 0 0 1 0 0 1 0 0 0 0/0 8:11 0:00 0:00
Mark Parrish 0 0 0 -1 0 0 1 0 0 0 0/0 8:25 0:58 0:00
Mathieu Schneider 0 1 1 2 2 4 5 0 1 1 0/0 29:20 11:24 0:00
Matthew Spiller 0 0 0 -1 0 1 0 1 0 0 0/0 23:15 5:58 0:17
Mike Modano 2 0 2 1 0 8 3 0 0 0 18/33 25:41 9:15 0:17
Patrik Elias 0 1 1 1 0 2 2 0 2 0 1/3 21:52 9:15 0:00
Pierre Dagenais 0 1 1 1 0 0 0 0 0 0 0/0 8:11 0:00 0:00
Randy Jones 0 0 0 -2 0 1 2 3 0 0 0/0 11:43 0:07 0:00
Steve Rucchin 1 0 1 1 0 2 2 0 0 0 2/3 11:41 1:07 0:00
Players Stats for Flames
Player Name G A P +/- PIM S H SB GA TA FO MP PP MP PK MP
------------------------------------------------------------------------------------
Alexander Semin 2 0 2 1 0 3 4 0 1 0 0/0 16:55 0:17 3:41
Brett Lebda 0 1 1 1 0 1 1 3 0 1 0/0 26:02 0:00 7:12
David Backes 0 0 0 1 0 4 1 1 0 0 1/3 13:24 0:00 0:00
Derek Meech 0 0 0 -2 0 0 0 3 0 0 0/0 17:51 0:00 7:09
Erik Johnson 0 0 0 -2 2 0 0 3 0 0 0/0 8:43 0:00 0:00
Jordin Tootoo 0 0 0 0 2 0 3 0 0 0 1/2 17:49 0:00 6:31
Marcel Goc 1 0 1 0 0 2 1 1 0 1 4/8 12:41 0:00 2:47
Mark Bell 0 0 0 -2 0 2 1 0 0 0 0/1 6:40 0:00 0:41
Michal Handzus 1 1 2 2 4 4 2 0 0 0 19/35 23:20 0:00 8:05
Mikhail Grabovski 0 0 0 -2 0 1 0 0 0 0 1/4 11:39 0:00 5:20
Owen Nolan 0 0 0 -2 0 0 1 0 0 0 0/0 5:35 0:00 0:00
Pavel Bure 1 0 1 2 0 2 3 0 0 0 0/2 16:23 0:17 0:00
Petr Schastlivy 0 2 2 2 2 5 3 0 0 0 1/1 22:27 0:00 7:55
Rob Blake 0 0 0 1 2 2 0 0 0 1 0/0 16:45 0:17 1:20
Steve Eminger 0 1 1 2 2 1 3 0 0 1 0/0 29:57 0:00 8:53
Steve Sullivan 0 1 1 0 0 0 1 0 0 0 2/2 11:27 0:00 0:00
Steven Reinprecht 0 1 1 1 4 0 0 0 0 0 4/13 12:30 0:17 0:00
Tomas Kaberle 0 0 0 2 0 2 1 2 1 2 0/0 30:19 0:17 9:54
3 Stars
1 - Alexander Semin (Cal)
2 - Mike Modano (Dal)
3 - Pavel Bure (Cal)
Power Play
Stars - 2 on 9 Attempt(s) - 22,22%
Flames - 1 on 1 Attempt(s) - 100,00%
Penalty Kill
Stars - 0 on 1 Attempt(s) - 0,00%
- Score 0 goal in Penalty Kill
Flames - 7 on 9 Attempt(s) - 77,78%
- Score 0 goal in Penalty Kill
Official
Referees : Charron Francis and Kimmerly Greg
Linesman : Jonny Murray and Steve Barton
Game Notes
No Game Note
Finance
Level 1 -- Attendance: 3899 (64,98%) -- Ticket Income 378 203 $
Level 2 -- Attendance: 3563 (71,26%) -- Ticket Income 206 654 $
Level 3 -- Attendance: 1451 (72,55%) -- Ticket Income 50 785 $
Level 4 -- Attendance: 2684 (67,10%) -- Ticket Income 56 364 $
Luxury Box -- Attendance: 606 (60,60%) -- Ticket Income 119 382 $
Game was played at the Metal Center
Total Attendance: 12203 (67,79%)
Total Ticket Income: 811 388 $
Other Income: 40 569 $
Total Income: 851 957 $
Stars
5 vs 5 Forward
Center Left Wing Right Wing Time % Phy DF OF
1 Mike Modano Patrik Elias Alexei Morozov 40 0 2 3
2 David Legwand Cory Stillman Jack Skille 40 0 2 3
3 Steve Rucchin Marcus Nilson Pierre Dagenais 12 1 2 2
4 Glen Metropolit Jan Hlavac Mark Parrish 8 1 2 2
5 vs 5 Defense
Defense Defense Time % Phy DF OF
1 Mathieu Schneider Filip Novak 40 1 2 2
2 Brendan Bell Matthew Spiller 30 1 2 2
3 Randy Jones Boris Valabik 20 1 2 2
4 Mathieu Schneider Filip Novak 10 1 2 2
PowerPlay Forward
Center Left Wing Right Wing Time % Phy DF OF
1 Mike Modano Patrik Elias Alexei Morozov 60 0 1 4
2 David Legwand Cory Stillman Jack Skille 40 0 1 4
PowerPlay Defense
Defense Defense Time % Phy DF OF
1 Mathieu Schneider Filip Novak 60 0 2 3
2 Matthew Spiller Brendan Bell 40 1 2 2
Penalty Kill 4 Players Forward
Center Wing Time % Phy DF OF
1 Mike Modano Cory Stillman 60 1 3 1
2 Steve Rucchin Alexei Morozov 40 1 3 1
Penalty Kill 4 Players Defense
Defense Defense Time % Phy DF OF
1 Filip Novak Matthew Spiller 60 1 3 1
2 Mathieu Schneider Randy Jones 40 1 3 1
Penalty Kill - 3 Players Forward
Forward Time % Phy DF OF
1 Mike Modano 60 1 4 0
2 Steve Rucchin 40 1 4 0
Penalty Kill - 3 Players Defense
Defense Defense Time % Phy DF OF
1 Filip Novak Matthew Spiller 60 1 4 0
2 Mathieu Schneider Randy Jones 40 1 4 0
4 vs 4 Forward
Center Wing Time % Phy DF OF
1 Mike Modano Alexei Morozov 60 0 2 3
2 David Legwand Cory Stillman 40 0 2 3
4 vs 4 Defense
Defense Defense Time % Phy DF OF
1 Mathieu Schneider Filip Novak 60 0 2 3
2 Matthew Spiller Brendan Bell 40 0 3 2
Last Minutes Offensive
Center Left Wing Right Wing Defense Defense
Mike Modano Patrik Elias Alexei Morozov Mathieu Schneider Filip Novak
Last Minutes Defensive
Center Left Wing Right Wing Defense Defense
Mike Modano Cory Stillman Alexei Morozov Filip Novak Matthew Spiller
Goaltenders
Starting : Pascal Leclaire
Backup : Chris Osgood
Extra Forwards
Normal : David Legwand, Mike Modano, Steve Rucchin - PP : Mike Modano, Steve Rucchin - PK : David Legwand
Extra Defensemen
Normal : Brendan Bell, Randy Jones, Boris Valabik - PP : Randy Jones - PK : Brendan Bell, Matthew Spiller
Penalty Shots
Mike Modano, Alexei Morozov, Cory Stillman, Steve Rucchin, David Legwand
Flames
5 vs 5 Forward
Center Left Wing Right Wing Time % Phy DF OF
1 Michal Handzus Petr Schastlivy Pavel Bure 40 1 2 2
2 Steven Reinprecht Alexander Semin David Backes 30 1 2 2
3 Marcel Goc Steve Sullivan Jordin Tootoo 20 1 2 2
4 Mikhail Grabovski Mark Bell Owen Nolan 10 1 2 2
5 vs 5 Defense
Defense Defense Time % Phy DF OF
1 Tomas Kaberle Steve Eminger 40 1 2 2
2 Brett Lebda Rob Blake 30 1 2 2
3 Derek Meech Erik Johnson 20 1 2 2
4 Brett Lebda Steve Eminger 10 1 2 2
PowerPlay Forward
Center Left Wing Right Wing Time % Phy DF OF
1 Steven Reinprecht Alexander Semin Pavel Bure 60 1 1 3
2 Marcel Goc Steve Sullivan David Backes 40 1 1 3
PowerPlay Defense
Defense Defense Time % Phy DF OF
1 Tomas Kaberle Rob Blake 60 1 2 2
2 Brett Lebda Erik Johnson 40 1 2 2
Penalty Kill 4 Players Forward
Center Wing Time % Phy DF OF
1 Michal Handzus Petr Schastlivy 60 1 3 1
2 Mikhail Grabovski Jordin Tootoo 40 1 3 1
Penalty Kill 4 Players Defense
Defense Defense Time % Phy DF OF
1 Tomas Kaberle Steve Eminger 60 1 3 1
2 Brett Lebda Derek Meech 40 1 3 1
Penalty Kill - 3 Players Forward
Forward Time % Phy DF OF
1 Michal Handzus 60 1 3 1
2 Mikhail Grabovski 40 1 3 1
Penalty Kill - 3 Players Defense
Defense Defense Time % Phy DF OF
1 Tomas Kaberle Steve Eminger 60 1 3 1
2 Brett Lebda Derek Meech 40 1 3 1
4 vs 4 Forward
Center Wing Time % Phy DF OF
1 Michal Handzus Pavel Bure 60 1 2 2
2 Steven Reinprecht Alexander Semin 40 1 2 2
4 vs 4 Defense
Defense Defense Time % Phy DF OF
1 Tomas Kaberle Steve Eminger 60 1 2 2
2 Brett Lebda Rob Blake 40 1 2 2
Last Minutes Offensive
Center Left Wing Right Wing Defense Defense
Michal Handzus Alexander Semin Pavel Bure Tomas Kaberle Steve Eminger
Last Minutes Defensive
Center Left Wing Right Wing Defense Defense
Michal Handzus Petr Schastlivy Pavel Bure Tomas Kaberle Steve Eminger
Goaltenders
Starting : Craig Anderson
Backup : Pekka Rinne
Extra Forwards
Normal : David Backes, Petr Schastlivy, Steve Sullivan - PP : David Backes, Steve Sullivan - PK : Jordin Tootoo
Extra Defensemen
Normal : Rob Blake, Brett Lebda, Derek Meech - PP : Erik Johnson - PK : Rob Blake, Derek Meech
Penalty Shots
Petr Schastlivy, Pavel Bure, Alexander Semin, Steve Sullivan, David Backes
% Time on Ice - Stars
Lines # - Real PCT - Wanted PCT - Time Play
Normal Forward
1 - 34% - 40% - 13:41
2 - 30% - 40% - 12:12
3 - 20% - 12% - 8:11
4 - 16% - 8% - 6:27
Normal Defense
1 - 39% - 40% - 15:59
2 - 37% - 30% - 15:05
3 - 23% - 20% - 9:27
4 - 0% - 10% - 0:00
PP Forward
1 - 59% - 60% - 10:07
2 - 41% - 40% - 7:06
PP Defense
1 - 65% - 60% - 11:15
2 - 35% - 40% - 5:58
PK Forward
1 - 100% - 60% - 0:17
2 - 0% - 40% - 0:00
PK Defense
1 - 100% - 60% - 0:17
2 - 0% - 40% - 0:00
PK3 Forward
1 - 0% - 60%
2 - 0% - 40%
PK3 Defense
1 - 0% - 60%
2 - 0% - 40%
44 Forward
1 - 90% - 60% - 6:17
2 - 10% - 40% - 0:42
44 Defense
1 - 73% - 60% - 5:04
2 - 27% - 40% - 1:55
Last Minute Offensive - 0:00
Last Minute Defensive - 0:00
Total
Forward - 65:00
Defense - 65:00
|
% Time on Ice - Flames
Lines # - Real PCT - Wanted PCT - Time Play
Normal Forward
1 - 34% - 40% - 13:45
2 - 29% - 30% - 11:34
3 - 24% - 20% - 9:37
4 - 14% - 10% - 5:35
Normal Defense
1 - 42% - 40% - 16:55
2 - 35% - 30% - 13:59
3 - 20% - 20% - 8:03
4 - 4% - 10% - 1:34
PP Forward
1 - 100% - 60% - 0:17
2 - 0% - 40% - 0:00
PP Defense
1 - 100% - 60% - 0:17
2 - 0% - 40% - 0:00
PK Forward
1 - 69% - 60% - 11:53
2 - 31% - 40% - 5:20
PK Defense
1 - 58% - 60% - 10:04
2 - 42% - 40% - 7:09
PK3 Forward
1 - 100% - 60% - 0:12
2 - 0% - 40% - 0:00
PK3 Defense
1 - 100% - 60% - 0:12
2 - 0% - 40% - 0:00
44 Forward
1 - 83% - 60% - 5:37
2 - 17% - 40% - 1:10
44 Defense
1 - 68% - 60% - 4:35
2 - 32% - 40% - 2:12
Last Minute Offensive - 0:00
Last Minute Defensive - 0:00
Total
Forward - 65:00
Defense - 65:00
|
Play by Play
1st period
0:01 of 1st period - Michal Handzus wins face-off versus Mike Modano in neutral zone.
0:26 of 1st period - David Backes is hit by Mathieu Schneider and loses puck.
1:45 of 1st period - Slapshot by Steve Sullivan.
1:45 of 1st period - Shot Blocked by Randy Jones.
1:55 of 1st period - Backhand shot by Alexei Morozov.
1:55 of 1st period - Stopped by Craig Anderson without a rebound.
1:56 of 1st period - David Legwand wins face-off versus Michal Handzus in Flames zone.
2:30 of 1st period - Backhand shot by Mathieu Schneider.
2:30 of 1st period - Stopped by Craig Anderson without a rebound.
2:30 of 1st period - Double Minor Penalty to Craig Anderson for Slashing.
2:31 of 1st period - Michal Handzus wins face-off versus Mike Modano in Flames zone.
2:36 of 1st period - Snap shot by Tomas Kaberle.
2:36 of 1st period - Shot Blocked by Filip Novak.
2:38 of 1st period - Snap shot by Petr Schastlivy.
2:38 of 1st period - Stopped by Pascal Leclaire with a rebound.
2:56 of 1st period - Tomas Kaberle is hit by Cory Stillman and loses puck.
3:01 of 1st period - Wrist shot by David Legwand.
3:01 of 1st period - Stopped by Craig Anderson without a rebound.
3:02 of 1st period - Michal Handzus wins face-off versus Mike Modano in Flames zone.
3:49 of 1st period - Mike Modano is hit by Steve Eminger and loses puck.
5:24 of 1st period - Mike Modano is hit by Alexander Semin and loses puck.
6:27 of 1st period - Filip Novak is hit by Mark Bell and loses puck.
6:30 of 1st period - Penalty to Erik Johnson is over, Erik Johnson is back on ice.
6:52 of 1st period - Wrist shot by David Backes.
6:52 of 1st period - Deflect By Steven Reinprecht.
6:52 of 1st period - Shot Misses the Net.
6:52 of 1st period - Puck is out of play.
6:53 of 1st period - Steven Reinprecht wins face-off versus Glen Metropolit in Stars zone.
6:54 of 1st period - Wrist shot by David Backes.
6:54 of 1st period - Stopped by Pascal Leclaire without a rebound.
6:55 of 1st period - Petr Schastlivy wins face-off versus Glen Metropolit in Stars zone.
6:56 of 1st period - Slapshot by Michal Handzus.
6:56 of 1st period - Shot Misses the Net.
6:58 of 1st period - Snap shot by Michal Handzus.
6:58 of 1st period - Goal by Michal Handzus - Stars : 0 - Flames : 1.
6:59 of 1st period - Michal Handzus wins face-off versus David Legwand in neutral zone.
7:26 of 1st period - David Legwand is hit by Jordin Tootoo and loses puck.
7:33 of 1st period - Wrist shot by Jack Skille.
7:33 of 1st period - Shot Misses the Net.
7:35 of 1st period - Snap shot by Cory Stillman.
7:35 of 1st period - Goal by Cory Stillman - Stars : 1 - Flames : 1.
7:36 of 1st period - Michal Handzus wins face-off versus Mike Modano in neutral zone.
7:49 of 1st period - Michal Handzus is hit by Mike Modano and loses puck.
8:01 of 1st period - Icing by Filip Novak.
8:02 of 1st period - Mike Modano wins face-off versus Steven Reinprecht in Stars zone.
8:08 of 1st period - Minor Penalty to Steven Reinprecht for Tripping.
8:09 of 1st period - Mike Modano wins face-off versus Michal Handzus in Flames zone.
8:34 of 1st period - Cory Stillman is hit by Steve Eminger and loses puck.
8:47 of 1st period - Mikhail Grabovski is hit by David Legwand and loses puck.
10:01 of 1st period - Tomas Kaberle is hit by Cory Stillman.
10:05 of 1st period - Steve Eminger is hit by Cory Stillman and loses puck.
10:08 of 1st period - Penalty to Steven Reinprecht is over, Steven Reinprecht is back on ice.
10:20 of 1st period - Off-side.
10:21 of 1st period - Glen Metropolit wins face-off versus Steven Reinprecht in neutral zone.
10:32 of 1st period - Snap shot by David Backes.
10:32 of 1st period - Shot Misses the Net.
10:33 of 1st period - Minor Penalty to Steven Reinprecht for Holding.
10:34 of 1st period - Mike Modano wins face-off versus Mikhail Grabovski in Flames zone.
11:01 of 1st period - Mathieu Schneider is hit by Michal Handzus.
12:05 of 1st period - Icing by Jack Skille.
12:06 of 1st period - Marcel Goc wins face-off versus David Legwand in Stars zone.
12:33 of 1st period - Penalty to Steven Reinprecht is over, Steven Reinprecht is back on ice.
13:11 of 1st period - Snap shot by Glen Metropolit.
13:11 of 1st period - Shot Misses the Net.
13:23 of 1st period - Michal Handzus is hit by Alexei Morozov and loses puck.
15:02 of 1st period - Matthew Spiller is hit by Jordin Tootoo and loses puck.
15:16 of 1st period - Jack Skille is hit by Alexander Semin and loses puck.
15:44 of 1st period - Brett Lebda is hit by Alexei Morozov and loses puck.
16:01 of 1st period - Steven Reinprecht is hit by Steve Rucchin and loses puck.
16:27 of 1st period - Filip Novak is hit by Petr Schastlivy and loses puck.
17:46 of 1st period - Mark Parrish is hit by Jordin Tootoo and loses puck.
18:02 of 1st period - Icing by Jordin Tootoo.
18:03 of 1st period - Mike Modano wins face-off versus Marcel Goc in Flames zone.
18:32 of 1st period - Wrist shot by Marcel Goc.
18:32 of 1st period - Shot Misses the Net.
18:40 of 1st period - Tomas Kaberle is hit by Mike Modano and loses puck.
18:52 of 1st period - Off-side.
18:53 of 1st period - Michal Handzus wins face-off versus David Legwand in neutral zone.
19:09 of 1st period - Slapshot by David Legwand.
19:09 of 1st period - Deflect By Jack Skille.
19:09 of 1st period - Stopped by Craig Anderson with a rebound.
19:21 of 1st period - Icing by Steve Rucchin.
19:22 of 1st period - Steve Rucchin wins face-off versus Steven Reinprecht in Stars zone.
19:47 of 1st period - Marcus Nilson is hit by David Backes and loses puck.
2nd period
0:01 of 2nd period - Michal Handzus wins face-off versus David Legwand in neutral zone.
0:03 of 2nd period - Minor Penalty to Michal Handzus for Hooking.
0:04 of 2nd period - Jordin Tootoo wins face-off versus Mike Modano in Flames zone.
0:19 of 2nd period - Tomas Kaberle is hit by Mathieu Schneider and loses puck.
0:36 of 2nd period - Off-side.
0:37 of 2nd period - Marcel Goc wins face-off versus Mike Modano in neutral zone.
1:02 of 2nd period - Jack Skille is hit by Marcel Goc.
1:06 of 2nd period - Slapshot by Brendan Bell.
1:06 of 2nd period - Deflect By Brett Lebda.
1:06 of 2nd period - Goal by Brendan Bell - Stars : 2 - Flames : 1.
1:07 of 2nd period - David Legwand wins face-off versus Steven Reinprecht in neutral zone.
1:32 of 2nd period - Pavel Bure is hit by Mathieu Schneider and loses puck.
1:57 of 2nd period - Wrist shot by Jan Hlavac.
1:57 of 2nd period - Shot Misses the Net.
2:17 of 2nd period - Wrist shot by David Legwand.
2:17 of 2nd period - Stopped by Craig Anderson with a rebound.
2:21 of 2nd period - Snap shot by Cory Stillman.
2:21 of 2nd period - Shot Misses the Net.
2:23 of 2nd period - Snap shot by Cory Stillman.
2:23 of 2nd period - Deflect By David Legwand.
2:23 of 2nd period - Shot Misses the Net.
2:23 of 2nd period - Puck is out of play.
2:24 of 2nd period - Michal Handzus wins face-off versus Patrik Elias in Flames zone.
2:28 of 2nd period - Off-side.
2:29 of 2nd period - Michal Handzus wins face-off versus Mike Modano in neutral zone.
3:01 of 2nd period - Wrist shot by David Backes.
3:01 of 2nd period - Stopped by Pascal Leclaire with a rebound.
3:24 of 2nd period - Brendan Bell is hit by Steve Eminger and loses puck.
3:44 of 2nd period - Slapshot by Mike Modano.
3:44 of 2nd period - Goal by Mike Modano - Stars : 3 - Flames : 1.
3:45 of 2nd period - David Legwand wins face-off versus Michal Handzus in neutral zone.
4:10 of 2nd period - David Backes is hit by Mike Modano and loses puck.
4:17 of 2nd period - Wrist shot by Mike Modano.
4:17 of 2nd period - Shot Misses the Net.
4:19 of 2nd period - Wrist shot by Patrik Elias.
4:19 of 2nd period - Shot Misses the Net.
4:37 of 2nd period - Slapshot by Brett Lebda.
4:37 of 2nd period - Shot Misses the Net.
4:57 of 2nd period - Snap shot by Michal Handzus.
4:57 of 2nd period - Stopped by Pascal Leclaire with a rebound.
5:11 of 2nd period - Slapshot by Rob Blake.
5:11 of 2nd period - Deflect By Jack Skille.
5:11 of 2nd period - Stopped by Pascal Leclaire with a rebound.
5:27 of 2nd period - Snap shot by Mike Modano.
5:27 of 2nd period - Shot Blocked by Tomas Kaberle.
5:29 of 2nd period - Wrist shot by Alexei Morozov.
5:29 of 2nd period - Stopped by Craig Anderson without a rebound.
5:30 of 2nd period - Mike Modano wins face-off versus Michal Handzus in Flames zone.
5:43 of 2nd period - Petr Schastlivy is hit by Patrik Elias and loses puck.
6:10 of 2nd period - Wrist shot by Mike Modano.
6:10 of 2nd period - Shot Blocked by Derek Meech.
6:12 of 2nd period - Slapshot by Filip Novak.
6:12 of 2nd period - Stopped by Craig Anderson with a rebound.
6:18 of 2nd period - Wrist shot by Patrik Elias.
6:18 of 2nd period - Shot Blocked by Erik Johnson.
6:20 of 2nd period - Slapshot by Mathieu Schneider.
6:20 of 2nd period - Stopped by Craig Anderson with a rebound.
6:30 of 2nd period - Snap shot by Mike Modano.
6:30 of 2nd period - Stopped by Craig Anderson without a rebound.
6:31 of 2nd period - Cory Stillman wins face-off versus Michal Handzus in Flames zone.
6:33 of 2nd period - Minor Penalty to Steve Eminger for Hooking.
6:34 of 2nd period - Michal Handzus wins face-off versus David Legwand in Flames zone.
8:18 of 2nd period - Derek Meech is hit by Mathieu Schneider and loses puck.
8:29 of 2nd period - Brett Lebda is hit by Steve Rucchin.
8:33 of 2nd period - Penalty to Steve Eminger is over, Steve Eminger is back on ice.
8:43 of 2nd period - Snap shot by Mikhail Grabovski.
8:43 of 2nd period - Shot Blocked by Jan Hlavac.
9:02 of 2nd period - Snap shot by Boris Valabik.
9:02 of 2nd period - Stopped by Craig Anderson without a rebound.
9:03 of 2nd period - David Legwand wins face-off versus Marcel Goc in Flames zone.
9:29 of 2nd period - Boris Valabik is hit by Pavel Bure and loses puck.
10:04 of 2nd period - Slapshot by Tomas Kaberle.
10:04 of 2nd period - Stopped by Pascal Leclaire without a rebound.
10:05 of 2nd period - David Legwand wins face-off versus Mikhail Grabovski in Stars zone.
10:05 of 2nd period - David Legwand is hit by Owen Nolan.
10:54 of 2nd period - Snap shot by Steve Rucchin.
10:54 of 2nd period - Stopped by Craig Anderson with a rebound.
10:56 of 2nd period - Slapshot by Matthew Spiller.
10:56 of 2nd period - Shot Blocked by Erik Johnson.
10:58 of 2nd period - Slapshot by Brendan Bell.
10:58 of 2nd period - Shot Blocked by David Backes.
11:00 of 2nd period - Slapshot by Matthew Spiller.
11:00 of 2nd period - Shot Blocked by Derek Meech.
11:20 of 2nd period - Wrist shot by Steve Sullivan.
11:20 of 2nd period - Shot Misses the Net.
11:34 of 2nd period - Wrist shot by David Legwand.
11:34 of 2nd period - Deflect By Cory Stillman.
11:34 of 2nd period - Stopped by Craig Anderson with a rebound.
12:04 of 2nd period - Wrist shot by Alexei Morozov.
12:04 of 2nd period - Stopped by Craig Anderson with a rebound.
12:06 of 2nd period - Snap shot by Mike Modano.
12:06 of 2nd period - Shot Blocked by Brett Lebda.
12:59 of 2nd period - Snap shot by Marcel Goc.
12:59 of 2nd period - Shot Misses the Net.
13:01 of 2nd period - Slapshot by Steve Eminger.
13:01 of 2nd period - Shot Misses the Net.
13:03 of 2nd period - Snap shot by Jordin Tootoo.
13:03 of 2nd period - Shot Misses the Net.
13:05 of 2nd period - Snap shot by Marcel Goc.
13:05 of 2nd period - Shot Misses the Net.
13:07 of 2nd period - Snap shot by Jordin Tootoo.
13:07 of 2nd period - Shot Blocked by Cory Stillman.
13:17 of 2nd period - Slapshot by Jack Skille.
13:17 of 2nd period - Shot Misses the Net.
13:28 of 2nd period - Icing by Patrik Elias.
13:29 of 2nd period - Steve Rucchin wins face-off versus Steven Reinprecht in Stars zone.
14:14 of 2nd period - Snap shot by Steve Sullivan.
14:14 of 2nd period - Shot Blocked by Boris Valabik.
14:41 of 2nd period - Snap shot by Mark Bell.
14:41 of 2nd period - Stopped by Pascal Leclaire without a rebound.
14:42 of 2nd period - Glen Metropolit wins face-off versus Mikhail Grabovski in Stars zone.
15:20 of 2nd period - Snap shot by Pavel Bure.
15:20 of 2nd period - Stopped by Pascal Leclaire without a rebound.
15:21 of 2nd period - Steven Reinprecht wins face-off versus Patrik Elias in Stars zone.
15:24 of 2nd period - Slapshot by David Backes.
15:24 of 2nd period - Stopped by Pascal Leclaire with a rebound.
15:26 of 2nd period - Slapshot by David Backes.
15:26 of 2nd period - Stopped by Pascal Leclaire without a rebound.
15:27 of 2nd period - Mike Modano wins face-off versus Steven Reinprecht in Stars zone.
15:38 of 2nd period - Wrist shot by Mike Modano.
15:38 of 2nd period - Stopped by Craig Anderson with a rebound.
15:52 of 2nd period - Mike Modano is hit by Tomas Kaberle and loses puck.
16:24 of 2nd period - Cory Stillman is hit by Michal Handzus.
17:40 of 2nd period - Slapshot by Randy Jones.
17:40 of 2nd period - Stopped by Craig Anderson without a rebound.
17:41 of 2nd period - Mikhail Grabovski wins face-off versus Steve Rucchin in Flames zone.
17:41 of 2nd period - Minor Penalty to Boris Valabik for High sticking.
17:42 of 2nd period - Mike Modano wins face-off versus Steven Reinprecht in Stars zone.
17:51 of 2nd period - Matthew Spiller is hit by Alexander Semin and loses puck.
17:56 of 2nd period - Wrist shot by Alexander Semin.
17:56 of 2nd period - Shot Blocked by Matthew Spiller.
17:58 of 2nd period - Snap shot by Alexander Semin.
17:58 of 2nd period - Goal by Alexander Semin - Stars : 3 - Flames : 2.
17:59 of 2nd period - Michal Handzus wins face-off versus David Legwand in neutral zone.
18:26 of 2nd period - Mathieu Schneider is hit by Alexander Semin and loses puck.
18:35 of 2nd period - Steve Eminger is hit by Alexei Morozov and loses puck.
18:46 of 2nd period - Wrist shot by Pierre Dagenais.
18:46 of 2nd period - Shot Blocked by Brett Lebda.
19:06 of 2nd period - Slapshot by Steve Sullivan.
19:06 of 2nd period - Shot Blocked by Randy Jones.
19:12 of 2nd period - Brett Lebda is hit by Randy Jones and loses puck.
19:28 of 2nd period - Snap shot by Mikhail Grabovski.
19:28 of 2nd period - Shot Blocked by Randy Jones.
19:30 of 2nd period - Wrist shot by Steve Eminger.
19:30 of 2nd period - Stopped by Pascal Leclaire with a rebound.
19:32 of 2nd period - Snap shot by Mikhail Grabovski.
19:32 of 2nd period - Stopped by Pascal Leclaire without a rebound.
19:33 of 2nd period - David Legwand wins face-off versus Michal Handzus in Stars zone.
19:33 of 2nd period - David Legwand is hit by Petr Schastlivy.
19:40 of 2nd period - Off-side.
19:41 of 2nd period - David Legwand wins face-off versus Michal Handzus in neutral zone.
19:45 of 2nd period - Minor Penalty to Petr Schastlivy for Hooking.
19:46 of 2nd period - Michal Handzus wins face-off versus Mike Modano in Flames zone.
19:57 of 2nd period - Slapshot by Mathieu Schneider.
19:57 of 2nd period - Deflect By Patrik Elias.
19:57 of 2nd period - Stopped by Craig Anderson without a rebound.
19:58 of 2nd period - Michal Handzus wins face-off versus Mike Modano in Flames zone.
3rd period
0:01 of 3rd period - Michal Handzus wins face-off versus Mike Modano in neutral zone.
1:28 of 3rd period - Slapshot by Mathieu Schneider.
1:28 of 3rd period - Deflect By Mark Bell.
1:28 of 3rd period - Stopped by Craig Anderson without a rebound.
1:29 of 3rd period - Mike Modano wins face-off versus Mark Bell in Flames zone.
1:38 of 3rd period - Wrist shot by Alexei Morozov.
1:38 of 3rd period - Shot Blocked by Marcel Goc.
1:40 of 3rd period - Slapshot by Mike Modano.
1:40 of 3rd period - Stopped by Craig Anderson without a rebound.
1:41 of 3rd period - Mike Modano wins face-off versus Michal Handzus in Flames zone.
1:45 of 3rd period - Penalty to Petr Schastlivy is over, Petr Schastlivy is back on ice.
1:52 of 3rd period - Snap shot by Petr Schastlivy.
1:52 of 3rd period - Stopped by Pascal Leclaire with a rebound.
1:54 of 3rd period - Snap shot by Petr Schastlivy.
1:54 of 3rd period - Stopped by Pascal Leclaire without a rebound.
1:55 of 3rd period - Alexei Morozov wins face-off versus Michal Handzus in Stars zone.
2:41 of 3rd period - Slapshot by Matthew Spiller.
2:41 of 3rd period - Stopped by Craig Anderson with a rebound.
2:53 of 3rd period - David Legwand is hit by Brett Lebda and loses puck.
3:21 of 3rd period - Off-side.
3:22 of 3rd period - Glen Metropolit wins face-off versus Steven Reinprecht in neutral zone.
3:25 of 3rd period - Slapshot by Mathieu Schneider.
3:25 of 3rd period - Stopped by Craig Anderson without a rebound.
3:26 of 3rd period - Steven Reinprecht wins face-off versus Glen Metropolit in Flames zone.
3:54 of 3rd period - Minor Penalty to Erik Johnson for Roughing.
3:55 of 3rd period - Michal Handzus wins face-off versus Alexei Morozov in Flames zone.
4:04 of 3rd period - Snap shot by Petr Schastlivy.
4:04 of 3rd period - Stopped by Pascal Leclaire without a rebound.
4:05 of 3rd period - Mike Modano wins face-off versus Michal Handzus in Stars zone.
4:52 of 3rd period - Snap shot by Petr Schastlivy.
4:52 of 3rd period - Stopped by Pascal Leclaire with a rebound.
5:54 of 3rd period - Penalty to Erik Johnson is over, Erik Johnson is back on ice.
5:56 of 3rd period - Snap shot by Alexei Morozov.
5:56 of 3rd period - Shot Misses the Net.
6:10 of 3rd period - Snap shot by Mike Modano.
6:10 of 3rd period - Shot Misses the Net.
6:15 of 3rd period - Off-side.
6:16 of 3rd period - Steven Reinprecht wins face-off versus David Legwand in neutral zone.
6:25 of 3rd period - Snap shot by Alexander Semin.
6:25 of 3rd period - Stopped by Pascal Leclaire without a rebound.
6:26 of 3rd period - David Legwand wins face-off versus Steven Reinprecht in Stars zone.
6:39 of 3rd period - Slapshot by Alexander Semin.
6:39 of 3rd period - Goal by Alexander Semin - Stars : 3 - Flames : 3.
6:40 of 3rd period - David Legwand wins face-off versus Pavel Bure in neutral zone.
6:43 of 3rd period - Steve Eminger is hit by Cory Stillman and loses puck.
6:56 of 3rd period - Slapshot by Michal Handzus.
6:56 of 3rd period - Stopped by Pascal Leclaire with a rebound.
7:36 of 3rd period - Slapshot by Marcel Goc.
7:36 of 3rd period - Stopped by Pascal Leclaire without a rebound.
7:37 of 3rd period - David Legwand wins face-off versus Michal Handzus in Stars zone.
7:57 of 3rd period - Petr Schastlivy is hit by Jack Skille and loses puck.
8:14 of 3rd period - David Backes is hit by Mathieu Schneider and loses puck.
8:29 of 3rd period - Snap shot by Patrik Elias.
8:29 of 3rd period - Stopped by Craig Anderson with a rebound.
8:31 of 3rd period - Slapshot by Mike Modano.
8:31 of 3rd period - Stopped by Craig Anderson with a rebound.
8:33 of 3rd period - Wrist shot by Alexei Morozov.
8:33 of 3rd period - Stopped by Craig Anderson without a rebound.
8:34 of 3rd period - Steve Sullivan wins face-off versus Mike Modano in Flames zone.
8:38 of 3rd period - Off-side.
8:39 of 3rd period - Marcel Goc wins face-off versus David Legwand in neutral zone.
8:48 of 3rd period - Snap shot by Marcel Goc.
8:48 of 3rd period - Goal by Marcel Goc - Stars : 3 - Flames : 4.
8:49 of 3rd period - Michal Handzus wins face-off versus David Legwand in neutral zone.
8:52 of 3rd period - Snap shot by Michal Handzus.
8:52 of 3rd period - Stopped by Pascal Leclaire with a rebound.
9:14 of 3rd period - Steve Eminger is hit by Patrik Elias and loses puck.
9:43 of 3rd period - Wrist shot by Alexander Semin.
9:43 of 3rd period - Shot Blocked by Brendan Bell.
10:10 of 3rd period - Icing by Marcel Goc.
10:11 of 3rd period - Marcel Goc wins face-off versus Mike Modano in Flames zone.
10:18 of 3rd period - Minor Penalty to Rob Blake for Interference.
10:18 of 3rd period - Minor Penalty to Mathieu Schneider for Hooking.
10:19 of 3rd period - Michal Handzus wins face-off versus Mike Modano in neutral zone.
10:24 of 3rd period - Slapshot by Tomas Kaberle.
10:24 of 3rd period - Stopped by Pascal Leclaire with a rebound.
10:30 of 3rd period - Wrist shot by Alexei Morozov.
10:30 of 3rd period - Shot Misses the Net.
10:32 of 3rd period - Snap shot by Mike Modano.
10:32 of 3rd period - Shot Blocked by Tomas Kaberle.
10:34 of 3rd period - Wrist shot by Filip Novak.
10:34 of 3rd period - Stopped by Craig Anderson without a rebound.
10:35 of 3rd period - Mike Modano wins face-off versus Michal Handzus in Flames zone.
10:35 of 3rd period - Minor Penalty to Michal Handzus for Tripping.
10:36 of 3rd period - Mike Modano wins face-off versus Jordin Tootoo in Flames zone.
10:47 of 3rd period - Wrist shot by Mike Modano.
10:47 of 3rd period - Goal by Mike Modano - Stars : 4 - Flames : 4.
10:48 of 3rd period - David Backes wins face-off versus Mike Modano in neutral zone.
10:51 of 3rd period - Slapshot by Tomas Kaberle.
10:51 of 3rd period - Deflect By David Backes.
10:51 of 3rd period - Shot Blocked by Brendan Bell.
10:51 of 3rd period - Puck is out of play.
10:52 of 3rd period - Mike Modano wins face-off versus David Backes in Stars zone.
11:05 of 3rd period - Snap shot by Mike Modano.
11:05 of 3rd period - Stopped by Craig Anderson without a rebound.
11:06 of 3rd period - Mike Modano wins face-off versus David Backes in Flames zone.
11:31 of 3rd period - Filip Novak is hit by Pavel Bure and loses puck.
11:57 of 3rd period - Filip Novak is hit by Steve Sullivan and loses puck.
12:18 of 3rd period - Penalty to Mathieu Schneider is over, Mathieu Schneider is back on ice.
12:35 of 3rd period - Penalty to Michal Handzus is over, Michal Handzus is back on ice.
12:52 of 3rd period - Derek Meech is hit by Mark Parrish and loses puck.
13:31 of 3rd period - Wrist shot by Mark Parrish.
13:31 of 3rd period - Deflect By Jan Hlavac.
13:31 of 3rd period - Stopped by Craig Anderson without a rebound.
13:32 of 3rd period - Michal Handzus wins face-off versus Glen Metropolit in Flames zone.
13:37 of 3rd period - Mark Parrish is hit by Pavel Bure and loses puck.
13:46 of 3rd period - Michal Handzus is hit by Brendan Bell and loses puck.
14:21 of 3rd period - Wrist shot by Rob Blake.
14:21 of 3rd period - Shot Blocked by Brendan Bell.
14:23 of 3rd period - Backhand shot by Rob Blake.
14:23 of 3rd period - Deflect By Brendan Bell.
14:23 of 3rd period - Stopped by Pascal Leclaire with a rebound.
14:25 of 3rd period - Wrist shot by Owen Nolan.
14:25 of 3rd period - Shot Misses the Net.
14:45 of 3rd period - Wrist shot by Marcel Goc.
14:45 of 3rd period - Shot Misses the Net.
14:47 of 3rd period - Snap shot by Steve Sullivan.
14:47 of 3rd period - Shot Misses the Net.
14:49 of 3rd period - Slapshot by Brett Lebda.
14:49 of 3rd period - Stopped by Pascal Leclaire without a rebound.
14:50 of 3rd period - Mike Modano wins face-off versus Pavel Bure in Stars zone.
14:57 of 3rd period - Slapshot by Mathieu Schneider.
14:57 of 3rd period - Shot Misses the Net.
15:29 of 3rd period - Slapshot by Pavel Bure.
15:29 of 3rd period - Goal by Pavel Bure - Stars : 4 - Flames : 5.
15:30 of 3rd period - Alexei Morozov wins face-off versus Marcel Goc in neutral zone.
15:55 of 3rd period - Petr Schastlivy is hit by Cory Stillman and loses puck.
16:14 of 3rd period - Mikhail Grabovski is hit by Marcus Nilson and loses puck.
16:21 of 3rd period - Slapshot by Pierre Dagenais.
16:21 of 3rd period - Shot Blocked by Erik Johnson.
16:23 of 3rd period - Snap shot by Steve Rucchin.
16:23 of 3rd period - Shot Blocked by Derek Meech.
16:25 of 3rd period - Snap shot by Steve Rucchin.
16:25 of 3rd period - Goal by Steve Rucchin - Stars : 5 - Flames : 5.
16:26 of 3rd period - Mike Modano wins face-off versus Marcel Goc in neutral zone.
16:31 of 3rd period - Slapshot by Alexei Morozov.
16:31 of 3rd period - Stopped by Craig Anderson with a rebound.
16:41 of 3rd period - Minor Penalty to Jordin Tootoo for Interference.
16:42 of 3rd period - Mike Modano wins face-off versus Michal Handzus in Flames zone.
17:00 of 3rd period - Icing by Mathieu Schneider.
17:01 of 3rd period - Patrik Elias wins face-off versus Michal Handzus in Stars zone.
17:10 of 3rd period - Wrist shot by Mike Modano.
17:10 of 3rd period - Stopped by Craig Anderson without a rebound.
17:11 of 3rd period - Mike Modano wins face-off versus Michal Handzus in Flames zone.
17:28 of 3rd period - Mathieu Schneider is hit by Petr Schastlivy and loses puck.
18:41 of 3rd period - Penalty to Jordin Tootoo is over, Jordin Tootoo is back on ice.
Overtime #1
0:01 of 1st overtime period - Michal Handzus wins face-off versus Mike Modano in neutral zone.
0:10 of 1st overtime period - Wrist shot by Michal Handzus.
0:10 of 1st overtime period - Shot Misses the Net.
0:49 of 1st overtime period - Snap shot by David Legwand.
0:49 of 1st overtime period - Shot Blocked by Brett Lebda.
1:15 of 1st overtime period - Petr Schastlivy is hit by Filip Novak and loses puck.
2:31 of 1st overtime period - Steve Eminger is hit by Randy Jones and loses puck.
4:25 of 1st overtime period - Icing by Matthew Spiller.
4:26 of 1st overtime period - Steve Sullivan wins face-off versus David Legwand in Stars zone.
4:27 of 1st overtime period - Slapshot by Mark Bell.
4:27 of 1st overtime period - Stopped by Pascal Leclaire without a rebound.
4:28 of 1st overtime period - David Legwand wins face-off versus Michal Handzus in Stars zone.
ShootOut
5:00 of 1st overtime period - Penalty Shot by Mike Modano for Stars.
5:00 of 1st overtime period - Wrist shot by Mike Modano.
5:00 of 1st overtime period - Stopped by Craig Anderson.
5:00 of 1st overtime period - Penalty Shot by Petr Schastlivy for Flames.
5:00 of 1st overtime period - Deke by Petr Schastlivy.
5:00 of 1st overtime period - Stopped by Pascal Leclaire.
5:00 of 1st overtime period - Penalty Shot by Alexei Morozov for Stars.
5:00 of 1st overtime period - Deke by Alexei Morozov.
5:00 of 1st overtime period - Stopped by Craig Anderson.
5:00 of 1st overtime period - Penalty Shot by Pavel Bure for Flames.
5:00 of 1st overtime period - Snap shot by Pavel Bure.
5:00 of 1st overtime period - Stopped by Pascal Leclaire.
5:00 of 1st overtime period - Penalty Shot by Cory Stillman for Stars.
5:00 of 1st overtime period - Backhand shot by Cory Stillman.
5:00 of 1st overtime period - Stopped by Craig Anderson.
5:00 of 1st overtime period - Penalty Shot by Alexander Semin for Flames.
5:00 of 1st overtime period - Snap shot by Alexander Semin.
5:00 of 1st overtime period - Shot Misses the Net.
5:00 of 1st overtime period - Penalty Shot by Steve Rucchin for Stars.
5:00 of 1st overtime period - Backhand shot by Steve Rucchin.
5:00 of 1st overtime period - Goal by Steve Rucchin.
5:00 of 1st overtime period - Penalty Shot by Steve Sullivan for Flames.
5:00 of 1st overtime period - Deke by Steve Sullivan.
5:00 of 1st overtime period - Goal by Steve Sullivan.
5:00 of 1st overtime period - Penalty Shot by David Legwand for Stars.
5:00 of 1st overtime period - Snap shot by David Legwand.
5:00 of 1st overtime period - Goal by David Legwand.
5:00 of 1st overtime period - Penalty Shot by David Backes for Flames.
5:00 of 1st overtime period - Backhand shot by David Backes.
5:00 of 1st overtime period - Goal by David Backes.
5:00 of 1st overtime period - Penalty Shot by Jan Hlavac for Stars.
5:00 of 1st overtime period - Snap shot by Jan Hlavac.
5:00 of 1st overtime period - Stopped by Craig Anderson.
5:00 of 1st overtime period - Penalty Shot by Michal Handzus for Flames.
5:00 of 1st overtime period - Snap shot by Michal Handzus.
5:00 of 1st overtime period - Stopped by Pascal Leclaire.
5:00 of 1st overtime period - Penalty Shot by Glen Metropolit for Stars.
5:00 of 1st overtime period - Snap shot by Glen Metropolit.
5:00 of 1st overtime period - Stopped by Craig Anderson.
5:00 of 1st overtime period - Penalty Shot by Mikhail Grabovski for Flames.
5:00 of 1st overtime period - Snap shot by Mikhail Grabovski.
5:00 of 1st overtime period - Goal by Mikhail Grabovski.
Output by the SimonT Hockey Simulator (STHS) for François Prévost -- Original Page W3C XHTML 1.0 Valid